 Dungeon Crawl Stone Soup version 0.29.1-15-g9cfb28693d (webtiles) character file.

Game seed: 2153426898551033573

183 H0rd4k the Charlatan (level 5, -3/38 HPs)
             Began as a Human Artificer on Apr 24, 2023.
             Slain by a river rat (8 damage)
             ... on level 4 of the Dungeon.
             The game lasted 00:03:41 (3880 turns).

H0rd4k the Charlatan (Human Artificer)              Turns: 3880, Time: 00:03:41

Health: -3/38      AC:  4    Str: 12    XL:     5   Next: 94%
Magic:  5/5        EV: 12    Int: 14    God:
Gold:   109        SH:  0    Dex: 13    Spells: 4/4 levels left

rFire   . . .      SeeInvis .   w - +1 dagger (speed)
rCold   . . .      Faith    .   (no shield)
rNeg    . . .      Spirit   .   b - +0 leather armour
rPois   .          Reflect  .   a - +0 helmet
rElec   .          Harm     .   (no cloak)
rCorr   .          Rampage  .   (no gloves)
Will    +....                   (no boots)
Stlth   +.........              (no amulet)
HPRegen 0.12/turn               p - ring of willpower
MPRegen 0.09/turn               (no ring)

@: very slow
A: no striking features
a: no special abilities


You were on level 4 of the Dungeon.
You visited 1 branch of the dungeon, and saw 4 of its levels.

You collected 109 gold pieces.

Inventory:

Hand Weapons
 w - a +1 dagger of speed (weapon)
Missiles
 m - 4 poisoned darts
Armour
 a - a +0 helmet (worn)
 b - a +0 leather armour (worn)
Magical Staves
 g - a staff of earth
Jewellery
 p - a ring of willpower (left hand)
 v - a ring of fire
Wands
 d - a wand of charming (13)
Scrolls
 c - a scroll of fog {unknown}
 h - 3 scrolls of identify {unknown}
 i - a scroll of amnesia {unknown}
 k - 2 scrolls of enchant armour {unknown}
 l - a scroll of immolation {unknown}
 o - a scroll of fear {unknown}
 u - 2 scrolls of teleportation {unknown}
Potions
 e - a potion of might
 f - 3 potions of curing {unknown}
 j - 3 potions of mutation {unknown}
 n - a potion of lignification {unknown}
 q - a potion of haste {unknown}
 r - 2 potions of berserk rage {unknown}
 s - a potion of degeneration {unknown}
 t - a potion of heal wounds {unknown}


   Skills:
 + Level 1.9 Fighting
 + Level 0.6 Short Blades
 + Level 2.4 Maces & Flails
 - Level 2.0 Armour
 + Level 2.4 Dodging
 + Level 1.8 Stealth
 + Level 4.1 Evocations


You had 4 spell levels left.
You didn't know any spells.
Your spell library contained the following spells:

 Spells                   Type           Power      Damage    Failure   Level
 Conjure Flame            Conj/Fire      0%         6-21      73%         3
 Ignite Poison            Fire/Tmut/Pois 0%         N/A       73%         3
 Mephitic Cloud           Conj/Pois/Air  0%         N/A       73%         3
 Sticky Flame             Conj/Fire      0%         2d3       98%         4
 Freezing Cloud           Conj/Ice/Air   0%         6-21      100%        5


Dungeon Overview and Level Annotations

Branches:
Dungeon (4/15)
 Temple: D:4-7

Altars:

Annotations:
D:2 exclusion: downstairs


Message History

The river rat bites you but does no damage.
Your unstable footing causes you to fumble your attack.
The river rat closely misses you.
You hit the river rat but do no damage. You hit the river rat but do no damage.
The river rat bites you.
You hit the river rat.
The river rat is lightly wounded.
The river rat closely misses you.
Your unstable footing causes you to fumble your attack.
You hit the river rat but do no damage.
The river rat is lightly wounded.
The river rat closely misses you.
Your unstable footing causes you to fumble your attack.
Your unstable footing causes you to fumble your attack.
The river rat barely misses you.
You hit the river rat but do no damage.
The river rat is lightly wounded.
The river rat bites you.
You completely miss the river rat.
The river rat is lightly wounded.
Your unstable footing causes you to fumble your attack.
The river rat misses you.
You completely miss the river rat.
The river rat is lightly wounded.
The river rat bites you.
You hit the river rat but do no damage.
The river rat is lightly wounded.
Your unstable footing causes you to fumble your attack.
The river rat bites you.
* * * LOW HITPOINT WARNING * * *
Your unstable footing causes you to fumble your attack.
The river rat bites you.
* * * LOW HITPOINT WARNING * * *
You closely miss the river rat.
Your unstable footing causes you to fumble your attack.
You hear the slow rusting of a drain.
The river rat barely misses you.
Your unstable footing causes you to fumble your attack.
The river rat bites you!
You die...

#...#..8..#........~8#
#...........#####.~~#
###...........†....~#
##.......#####.#..#
##########.....#
#....#
##.~.~~†~†#.....#
######
#.########..##.##
#~##~~~~r#####.# #~#
#@# #.# #~# #~# #.#
#~# #.# #.# #~# #~# #.
#~#######.#
##~†~~~~.## #########


You could see a river rat.

Vanquished Creatures
  Natasha (twice) (D:2)
  Terence (D:2)
  Robin (D:2)
  2 adders (D:2)
  4 worms
  2 dart slugs
  6 bats
  3 endoplasms
  6 giant cockroaches
  11 goblins
  6 hobgoblins
  3 quokkas (D:1)
  2 ball pythons (D:1)
  5 frilled lizards
  3 kobolds (D:1)
  7 rats
64 creatures vanquished.

Vanquished Creatures (collateral kills)
  An endoplasm (D:1)
1 creature vanquished.

Vanquished Creatures (others)
  A goblin (D:1)
1 creature vanquished.

Grand Total: 66 creatures vanquished

Notes
Turn   | Place    | Note
-------+----------+-------------------------------------------
     0 | D:1      | H0rd4k the Human Artificer began the quest for the Orb.
     0 | D:1      | Reached XP level 1. HP: 15/15 MP: 1/1
   158 | D:1      | Reached XP level 2. HP: 18/21 MP: 2/2
   229 | D:1      | Found a faded altar of an unknown god.
   901 | D:1      | Reached skill level 1 in Maces & Flails
  1179 | D:1      | Reached XP level 3. HP: 22/26 MP: 3/3
  2082 | D:2      | Noticed Robin
  2091 | D:2      | Killed Robin
  2092 | D:2      | Reached XP level 4. HP: 22/32 MP: 4/4
  2107 | D:3      | Noticed a necrophage
  2846 | D:2      | Noticed Terence
  2849 | D:2      | Killed Terence
  2850 | D:2      | Reached skill level 4 in Evocations
  2850 | D:2      | Reached XP level 5. HP: 37/37 MP: 5/5
  2885 | D:2      | Noticed Natasha
  2895 | D:2      | Killed Natasha
  3210 | D:2      | Noticed Natasha
  3520 | D:2      | Killed Natasha
  3880 | D:4      | Slain by a river rat

Illustrated notes

Levels and vault maps discovered:
D:1:      dpeg_arrival_simpleton_b, layout_loops_ring,
          chequers_ecumenical_altar_island, minmay_box_of_dots
D:2:      layout_basic, uniq_robin, uniq_natasha, uniq_terence
D:3:      layout_loops_ring, mainiacjoe_overflow_divided_tiny, uniq_jessica,
          uniq_sigmund
D:4:      layout_basic, ashenzari_conservatory_becter, gup_sewer_entry_spiral,
          moated_statue, mrwooster_statue_mirror

Skill      XL: |  1  2  3  4 |
---------------+-------------+-----
Maces & Flails | 1 2 |  2.4
Dodging        | 2 |  2.4
Evocations     | 4 |  4.1
Fighting       | |  1.9
Short Blades   | |  0.6
Armour         | |  2.0
Stealth        | |  1.8

Action                   |  1- 3 |  4- 6 || total
-------------------------+-------+-------++-------
Melee: Club              |   135 |    72 ||   207
       Punch             |     2 |     2 ||     4
       Dagger            |       |   133 ||   133
Evoke: Wand              |     9 |    13 ||    22
 Stab: Sleeping          |     2 |     1 ||     3
       Distracted        |     1 |       ||     1
Armor: Leather armour    |    59 |    21 ||    80
Dodge: Dodged            |   119 |    86 ||   205
